 Dungeon Crawl Stone Soup version 0.32-a0-473-gd044c6f0f0 (webtiles) character file.

Game seed: 5638052276702951433

368 cforsyth the Trooper (level 6, 0/51 HPs)
             Began as a Coglin Brigand on Feb 25, 2024.
             Was a Believer of Lugonu.
             Slain by an ogre
             ... wielding a +0 giant club
              (31 damage)
             ... on level 5 of the Dungeon.
             The game lasted 00:04:27 (2969 turns).

cforsyth the Trooper (Coglin Brigand)               Turns: 2969, Time: 00:04:27

Health: 0/51       AC:  4    Str: 13    XL:     6   Next: 69%
Magic:  6/6        EV: 11    Int: 10    God:    Lugonu [**....]
Gold:   224        SH:  0    Dex: 16    Spells: 5/5 levels left

rFire   . . .        a - +2 dagger {Dietrich}
rCold   . . .        h - +0 dagger (elec) {Anan}
rNeg    . . .        b - +0 robe
rPois   .            (no helmet)
rElec   .            c - +0 cloak
rCorr   .            (no gloves)
SInv    .            f - +0 pair of boots
Will    .....        t - amulet of regeneration
Stlth   ++           (ring unavailable)
HPRegen 1.08/turn    (ring unavailable)
MPRegen 0.10/turn

%: no passive effects
@: revved
A: off-hand wielding, slow wielding, warmup strikes, no rings
a: Renounce Religion, Depart the Abyss, Banish


You were on level 5 of the Dungeon.
You worshipped Lugonu.
Lugonu was pleased with you.
You visited 1 branch of the dungeon, and saw 5 of its levels.

You collected 274 gold pieces.
You spent 50 gold pieces at shops.


Innate Abilities, Weirdness & Mutations

You can wield a second weapon in your off-hand.
It takes a long time for you to wield or remove held weapons.
Your first few attacks do less damage.
Your grasper-arms cannot wear rings.


   Skills:
 + Level 5.0 Fighting
 - Level 1.7 Short Blades
 - Level 1.7 Throwing
 + Level 4.0 Armour
 - Level 0.8 Dodging
 - Level 3.2 Stealth


You had 5 spell levels left.
You didn't know any spells.
Your spell library contained the following spells:

 Spells                   Type           Power      Damage    Failure   Level
 Sandblast                Erth           0%         2d4       36%         1
 Dazzling Flash           Conj/Hex       0%         N/A       75%         3
 Mephitic Cloud           Conj/Alch/Air  0%         N/A       75%         3
 Brom's Barrelling Bould  Conj/Erth      0%         2d3       98%         4
 Curse of Agony           Necr           0%         N/A       100%        5
 Fireball                 Conj/Fire      0%         3d3       100%        5
 Iskenderun's Battlesphe  Conj           0%         2d6       100%        5
 Silence                  Hex/Air        0%         N/A       100%        5
 Conjure Ball Lightning   Conj/Air       0%         3x3d6     100%        6
 Orb of Destruction       Conj           0%         9d5       100%        7

Inventory:

Hand Weapons
 a - a +2 dagger (weapon) {Dietrich}
 h - a +0 dagger of electrocution (offhand) {Anan}
Missiles
 d - 17 poisoned darts (quivered)
 e - 3 curare-tipped darts {=f}
Armour
 b - a +0 robe (worn)
 c - a +0 cloak (worn)
 f - a +0 pair of boots (worn)
 y - a scarf of shadows
Jewellery
 t - an amulet of regeneration (around neck)
 u - an amulet of the acrobat
 v - an amulet of magic regeneration
Wands
 s - a wand of quicksilver (7)
Scrolls
 m - 3 scrolls of teleportation {@r2}
 o - a scroll of summoning
 p - a scroll of brand weapon {unknown}
 r - a scroll of enchant armour {unknown}
 w - a scroll of enchant weapon {unknown}
 z - a scroll of amnesia {unknown}
Potions
 g - 2 potions of lignification
 j - 2 potions of ambrosia
 l - 2 potions of attraction
 n - 4 potions of curing {@q1}
 q - a potion of mutation
 x - 2 potions of brilliance

Dungeon Overview and Level Annotations

Branches:
Dungeon (5/15)
 Temple: D:4-7

Altars:
Gozag
Lugonu

Shops:
D:4

? ...... ......
..... #...# #....
#... . #...## ...
...#...<#######.....
............@O......
.......###........#.
......# ######.....
...... .... ......
... #.... $. ###.. #
##


You could see an ogre.


Message History

Lightning courses through the phantom!
The phantom is almost destroyed.
You hit the phantom with your +2 dagger.
You destroy the phantom!
Lugonu accepts your kill.
Your Fighting skill increases to level 5!
Your Armour skill increases to level 4!
An ogre comes into view. It is wielding a +0 giant club.
An ogre is nearby!
An ogre is nearby!
An ogre is nearby!
Found 18 gold pieces.
The ogre barely misses you.
You barely miss the ogre with your +0 dagger of electrocution.
You hit the ogre with your +2 dagger.
The ogre hits you with a +0 giant club!!
You hit the ogre with your +2 dagger.
The ogre is moderately wounded.
You hit the ogre with your +0 dagger of electrocution.
You hit the ogre with your +0 dagger of electrocution.
The ogre is heavily wounded.
You hit the ogre with your +2 dagger. The ogre barely misses you.
You hit the ogre with your +2 dagger.
The ogre is heavily wounded.
You hit the ogre with your +0 dagger of electrocution.
You barely miss the ogre with your +0 dagger of electrocution.
The ogre is heavily wounded.
You hit the ogre with your +2 dagger.
The ogre hits you with a +0 giant club!!
Ouch! That really hurt!
You die...

Skill      XL: |  1  2  3  4  5  6 |
---------------+-------------------+-----
Armour         | 1 2 3 4 |  4.0
Fighting       | 3 4 5 |  5.0
Short Blades   | |  1.7
Throwing       | |  1.7
Dodging        | |  0.8
Stealth        | |  3.2

Action                     |  1- 3 |  4- 6 || total
---------------------------+-------+-------++-------
  Melee: Dagger            |   106 |   180 ||   286
    Use: Scroll            |       |     8 ||     8
   Stab: Sleeping          |    13 |    15 ||    28
 Armour: Robe              |    27 |    55 ||    82
  Dodge: Dodged            |    40 |    44 ||    84

Levels and vault maps discovered:
D:1:      minmay_arrival_five_plusses, layout_basic, minivault_25,
          nicolae_concentric_dashed_squares_mild, minmay_rat_gold_closets
D:2:      layout_loops_ring, shapermc_ecumenical_altar_rom_forum, uniq_natasha
D:3:      layout_basic, mainiacjoe_overflow_24_doors
D:4:      layout_cave_pools, nicolae_nh_oracle_at_delphi
D:5:      layout_layer_cave, minmay_temple_entry_ruins

Notes
Turn   | Place    | Note
-------+----------+-------------------------------------------
     0 | D:1      | cforsyth the Coglin Brigand began the quest for the Orb.
     0 | D:1      | Reached XP level 1. HP: 16/16 MP: 1/1
   101 | D:1      | Reached XP level 2. HP: 15/23 MP: 2/2
   212 | D:1      | Reached skill level 1 in Armour
   502 | D:1      | Reached XP level 3. HP: 27/28 MP: 3/3
   536 | D:1      | You fall into a shaft and drop 1 floor!
   536 | D:2      | Found a faded altar of an unknown god.
   540 | D:2      | Got Plato's Book of the Quake
   543 | D:2      | Prayed at the altar of an unknown god.
   543 | D:2      | Became a worshipper of Lugonu the Unformed
   543 | D:2      | Reached * piety under Lugonu
   723 | D:2      | Reached skill level 3 in Fighting
  1071 | D:2      | Reached skill level 2 in Armour
  1117 | D:2      | Reached XP level 4. HP: 33/35 MP: 4/4
  1306 | D:2      | Noticed Natasha
  1313 | D:2      | Killed Natasha
  1420 | D:3      | Reached XP level 5. HP: 38/42 MP: 5/5
  1464 | D:3      | Reached ** piety under Lugonu
  1974 | D:3      | Found an opulent altar of Gozag.
  1996 | D:3      | Reached skill level 4 in Fighting
  2057 | D:3      | Reached skill level 3 in Armour
  2416 | D:4      | Reached XP level 6. HP: 40/49 MP: 6/6
  2768 | D:4      | Found The Oracle's Delphic Readings.
  2784 | D:4      | Bought a scroll of identify for 20 gold pieces
  2784 | D:4      | Bought a scroll of teleportation for 30 gold pieces
  2956 | D:5      | Entered Level 5 of the Dungeon
  2959 | D:5      | Reached skill level 5 in Fighting
  2959 | D:5      | Reached skill level 4 in Armour
  2969 | D:5      | Slain by an ogre

Vanquished Creatures
  A phantom (D:5)
  A scorpion (D:4)
  An orc priest (D:2)
  An iguana (D:4)
  Natasha (D:2)
  An orc wizard (D:3)
  4 adders
  A dart slug (D:4)
  A ribbon worm (D:4)
  9 orcs
  3 ball pythons
  8 endoplasms
  5 giant cockroaches
  8 goblins
  5 hobgoblins
  4 jackals (D:4)
  3 quokkas
  6 bats
  3 frilled lizards
  5 kobolds
  15 rats
86 creatures vanquished.

Table legend: (Time is in decaauts)
 A = Elapsed time spent in this place.
 B = Non-inter-level travel time spent in this place.
 C = Inter-level travel time spent in this place.
 D = Time resting spent in this place.
 E = Time spent auto-exploring this place.
 F = Levels seen in this place.
 G = Mean time per level.
                   A        B        C        D        E       F      G
               +--------+--------+--------+--------+--------+-----+--------+
         Total |   2951 |   2880 |     71 |    304 |   1991 |   5 |  590.2 |
       Dungeon |   2951 |   2880 |     71 |    304 |   1991 |   5 |  590.2 |
               +--------+--------+--------+--------+--------+-----+--------+

Top non-repeatable levels by time:
     D:3: 897 daAuts
     D:2: 850 daAuts
     D:4: 658 daAuts
     D:1: 532 daAuts
     D:5: 12 daAuts

Table legend:
 A = Non-vault XP
 B = Vault XP
 C = Vault XP percentage of total XP
 D = Non-vault monster count
 E = Vault monster count
 F = Vault count percentage of total count
                 A         B        C        D         E       F
            +---------+---------+-------+---------+---------+-------
      Total |     480 |      46 |   8.7 |      76 |      10 |  11.6
            +---------+---------+-------+---------+---------+-------
        D:1 |      32 |       7 |  17.9 |      18 |       7 |  28.0
        D:2 |      87 |      35 |  28.7 |      19 |       1 |   5.0
        D:3 |      97 |       0 |   0.0 |      22 |       0 |   0.0
        D:4 |     157 |       4 |   2.5 |      16 |       2 |  11.1
        D:5 |     107 |       0 |   0.0 |       1 |       0 |   0.0
            +---------+---------+-------+---------+---------+-------
